[Event "26th Womens ECCC 2022"]
[Site "Mayrhofen"]
[Date "2022.10.03"]
[Round "1.28"]
[White "Toma, Katarzyna"]
[Black "Thorsteinsdottir, Gudlaug"]
[Result "1-0"]
[ECO "C44"]
[WhiteElo "2249"]
[BlackElo "2014"]
[Annotator "NA RC"]
[PlyCount "91"]
[EventDate "2022.10.03"]
[EventType "team-tourn"]
[EventCountry "AUT"]
[SourceTitle "playchess.com"]
[Source "ChessBase"]
[SourceQuality "1"]
[TimeControl "40/5400+30:1800+30"]

1. e4 e5 2. Nf3 Nc6 3. d4 exd4 4. Nxd4 Nf6 5. Nc3 Bb4 6. Nxc6 bxc6 7. Bd3 d5 8. exd5 cxd5 9. O-O O-O 10. Qf3 c6 11. Bg5 Be7 12. h3 Be6 13. Rad1 Re8 14. b3 h6 15. Bf4 Bd6 16. Ne2 Bxf4 17. Nxf4 Nd7 18. Rfe1 Qf6 19. Qg3 Nc5 20. Qe3 Nxd3 21. Nxd3 d4 22. Qe5 Qxe5 23. Rxe5 Bd5 24. Rxe8+ Rxe8 25. Rd2 Rd8 26. Nc5 Re8 27. f3 Re3 28. Kf2 Rc3 29. Na4 Re3 30. Rxd4 Re8 31. Nc5 f6 32. c4 Bf7 33. Rd7 Re5 34. Nb7 Bg6 35. Rd6 Bb1 36. a3 Ba2 37. Rd3 a5 38. Re3 a4 39. Rxe5 fxe5 40. bxa4 Bxc4 41. Nc5 Kf7 42. a5 Ke7 43. a6 Bxa6 44. Nxa6 Kd6 45. Nb4 c5 46. Nc2 1-0

[Event "26th Womens ECCC 2022"]
[Site "Mayrhofen"]
[Date "2022.10.03"]
[Round "1.29"]
[White "Buksa, Nataliya"]
[Black "Katkov, Michelle"]
[Result "1/2-1/2"]
[ECO "C77"]
[WhiteElo "2413"]
[BlackElo "2219"]
[Annotator "TA"]
[PlyCount "85"]
[EventDate "2022.10.03"]
[EventType "team-tourn"]
[EventCountry "AUT"]
[SourceTitle "playchess.com"]
[Source "ChessBase"]
[SourceQuality "1"]
[TimeControl "40/5400+30:1800+30"]

1. e4 e5 2. Nf3 Nc6 3. Bb5 a6 4. Ba4 Nf6 5. Nc3 b5 6. Bb3 Bc5 7. Nd5 {[%emt 0:00:09] C77: Ruy Lopez: 3...a6 4 Ba4 Nf6, unusual lines.} d6 8. c3 h6 9. d4 {[%emt 0:19:10] White is slightly better.} Ba7 10. a4 {[%emt 0:01:16] [#]} b4 $146 ({Predecessor:} 10... O-O 11. O-O Bb7 12. Nxf6+ Qxf6 13. Bd5 Nd8 14. Bxb7 Nxb7 15. axb5 axb5 16. Be3 exd4 17. Rxa7 {1-0 (17) Aveskulov,V (2531)-Pacher,M (2394) Budapest 2022}) 11. O-O bxc3 12. bxc3 (12. Nxf6+ {feels hotter.} Qxf6 13. Bd5 Bd7 14. bxc3 O-O 15. Be3) 12... Rb8 13. dxe5 {[%emt 0:12:52] White is more active.} Nxe5 14. Nxe5 dxe5 15. Nxf6+ Qxf6 16. Ba3 c5 17. Bc4 O-O 18. a5 Qg6 19. Qe2 Be6 20. Rab1 (20. Bc1 $14) 20... Bxc4 $11 21. Qxc4 Qc6 22. Rfd1 Rb5 23. Rxb5 axb5 24. Qd5 Qc7 25. a6 b4 26. cxb4 cxb4 27. Bxb4 Rc8 $1 28. Be1 {[%emt 0:00:45] The position is equal.} Bd4 29. Qb7 Qc2 30. Rd2 Qc1 {[%emt 0:00:22][%cal Rc1e1] [#]} 31. Kf1 {[%emt 0:00:19] Hoping for a7.} Qc4+ 32. Kg1 {[%emt 0:01:03] aiming for a7.} Qc1 33. Re2 {[%emt 0:00:42] a7 is the strong threat.} Rc7 34. Qb5 Ra7 35. Qa4 Kh7 36. g3 Qb1 37. Qa3 Qd1 38. Kf1 Qb1 39. Kg2 Qd1 40. Qf3 Rxa6 {[%emt 0:00:23] [#] Strongly threatening ...Rf6.} 41. Qf5+ Rg6 42. Kf1 Qb3 43. h4 {[%emt 0:00:00] Weighted Error Value: White=0.05 (flawless) /Black=0.04 (flawless)} 1/2-1/2

[Event "26th Womens ECCC 2022"]
[Site "Mayrhofen"]
[Date "2022.10.03"]
[Round "1.30"]
[White "Federovski, Adi"]
[Black "Gaponenko, Inna"]
[Result "0-1"]
[ECO "B24"]
[WhiteElo "1967"]
[BlackElo "2348"]
[Annotator "TA"]
[PlyCount "106"]
[EventDate "2022.10.03"]
[EventType "team-tourn"]
[EventCountry "AUT"]
[SourceTitle "playchess.com"]
[Source "ChessBase"]
[SourceQuality "1"]
[TimeControl "40/5400+30:1800+30"]

1. e4 c5 2. Nc3 Nc6 3. Bb5 Nd4 4. Nf3 a6 5. Bd3 Nc6 6. O-O {[%emt 0:03:59] B23: Closed Sicilian: Lines without g3.} d6 7. Nd5 e6 8. Ne3 {[%emt 0:03:13] [#] The position is equal.} g6 $146 ({Predecessor:} 8... Nf6 9. c3 d5 10. exd5 Nxd5 11. Be4 Be7 12. d4 Nf6 13. Bxc6+ bxc6 14. dxc5 Qxd1 15. Rxd1 Bxc5 {1-0 (30) Erdos,V (2604)-Babula,V (2574) Corte 2022}) 9. c3 Bg7 10. Bc2 Nf6 11. d4 cxd4 12. Nxd4 O-O 13. Nxc6 bxc6 14. e5 dxe5 15. Qxd8 Rxd8 16. Nc4 Nd5 17. Ba4 Bd7 18. Re1 f6 19. Na5 Rdc8 (19... Bf8 $17) 20. Be3 Bf8 21. Rad1 Be8 22. Bb3 Rab8 23. Re2 Be7 24. Bc4 Rd8 25. Rc1 Kf7 26. Nb3 Nxe3 27. fxe3 Rb6 ({Better is} 27... c5 $19 28. Na5 e4) 28. Rcc2 Rd1+ 29. Kf2 Rh1 30. Kg3 e4 31. Red2 c5 32. Rc1 Rxc1 33. Nxc1 a5 34. Ne2 f5 35. h4 Kf6 36. Nf4 h6 37. b3 g5 38. Nh3 (38. hxg5+ $142 hxg5 39. Ne2) 38... Rd6 $19 39. Rc2 Rd1 {[%emt 0:00:27] [#] aiming for ...Bd6+.} 40. Be2 Rd8 41. hxg5+ hxg5 42. Kf2 g4 43. Ng1 e5 44. g3 Bg6 45. Rb2 Kg5 46. Bf1 f4 47. gxf4+ exf4 {[%emt 0:00:02] [#] Threatens to win with ...f3.} 48. exf4+ Kxf4 {[%emt 0:00:04] ( -> ...e3+)} 49. Ne2+ Ke5 50. Kg3 {[%emt 0:02:46] Inhibits Bh4+.} Rd3+ 51. Kg2 e3 52. Rb1 Rd2 53. Re1 Bh4 {[%emt 0:00:13] Weighted Error Value: White=0.56/Black=0.21 (precise)} 0-1

[Event "26th Womens ECCC 2022"]
[Site "Mayrhofen"]
[Date "2022.10.03"]
[Round "1.31"]
[White "Doluhanova, Evgeniya"]
[Black "Reprun, Nadejda"]
[Result "1/2-1/2"]
[ECO "B10"]
[WhiteElo "2264"]
[BlackElo "1968"]
[Annotator "TA"]
[PlyCount "119"]
[EventDate "2022.10.03"]
[EventType "team-tourn"]
[EventCountry "AUT"]
[SourceTitle "playchess.com"]
[Source "ChessBase"]
[SourceQuality "1"]
[TimeControl "40/5400+30:1800+30"]

1. e4 c6 2. Nf3 d5 3. d3 Bg4 4. h3 Bxf3 5. Qxf3 e6 6. g3 {[%emt 0:02:53] B10: Caro-Kann: 2 d3 and 2 c4.} Bc5 7. Bg2 Nd7 8. Qe2 Ne7 9. O-O O-O {[%emt 0:01:44] [#]} 10. c3 $146 ({Predecessor:} 10. Kh2 dxe4 11. dxe4 e5 12. Nd2 Qc7 13. a4 Rad8 14. a5 Nc8 15. c3 b5 16. axb6 axb6 {½-½ (52) Huda,M (2128)-Unuk,L (2350) Prague 2022}) 10... dxe4 11. d4 Bd6 (11... Bb6 $142) 12. Bxe4 $11 Re8 13. Nd2 (13. Qh5 Nf6 14. Qf3 Nxe4 15. Qxe4 Nd5 $15) 13... Nd5 14. Nc4 (14. Qh5 N7f6 15. Qf3 e5 $11) 14... Bc7 15. Qc2 (15. Qh5 N7f6 16. Qh4 Nxe4 17. Qxe4 e5 $15) 15... N5f6 (15... f5 $5 16. Bd3 g6 $11) 16. Bg2 h6 (16... e5 $11) 17. Bd2 Rc8 18. Rad1 b5 19. Ne5 Bxe5 20. dxe5 Nd5 21. Rfe1 Qc7 22. Qe4 c5 23. Qe2 c4 24. Bc1 Nc5 25. Qg4 f5 26. exf6 $1 Nxf6 27. Qh4 Nd3 28. Re2 (28. Bxh6 $5 Nxe1 29. Rxe1 $11) 28... Nxc1 29. Rxc1 Rcd8 30. Rce1 e5 31. g4 Nd5 32. Bxd5+ Rxd5 33. Qh5 Re7 34. Qf5 Qc5 35. Re3 a5 (35... e4 36. Qf4 $16) 36. a3 Rf7 ({But not} 36... e4 37. Qf4 $14) 37. Qe6 Kf8 {[%emt 0:00:10] [#] ...Rf6 is the strong threat.} 38. Qa6 Kg8 39. Qe6 Kf8 40. Qg6 Kg8 41. Qc2 Qd6 {[%emt 0:31:41] aiming for ...Rd2.} 42. Qe4 Rf4 43. Qg2 Kh7 44. g5 hxg5 45. Qxg5 e4 $36 {[%emt 0:00:00][%mdl 2048] White is under pressure.} 46. Qg2 Qf6 47. R1e2 ({Avoid the trap} 47. Rxe4 $2 Rg5 48. Rxf4 Qxf4 $19) 47... Rd1+ 48. Kh2 Qd6 (48... Qe5 $5 49. Qg3 Rd3 $15) 49. Qg3 ({White should try} 49. Rg3 $1 $11 Kh8 50. Rxe4) 49... Rd3 50. Kg2 (50. Kg1 $11) 50... Qf6 51. Kg1 Rd5 {[%emt 0:00:00] [#] Threatens to win with ...Rg5.} 52. Qg2 ({Don't go for} 52. Rxe4 $2 Rg5 53. Rxf4 Qxf4 $19) 52... Rd1+ 53. Re1 Rxe1+ 54. Rxe1 $15 {[%emt 0:00:04][%mdl 4096] Endgame KQR-KQR. The position is equal.} Qf5 55. Re3 Rf3 56. Rxf3 exf3 57. Qg4 Qb1+ 58. Kh2 {[%emt 0:00:05] Black must now prevent Qh5+.} Qxb2 59. Qh5+ Kg8 60. Qe8+ {[%emt 0:00:35] Weighted Error Value: White=0.11 (very precise) /Black=0.12 (very precise)} 1/2-1/2

[Event "26th Womens ECCC 2022"]
[Site "Mayrhofen"]
[Date "2022.10.03"]
[Round "1.32"]
[White "Vardi, Shlomit"]
[Black "Tarleva, Diana"]
[Result "1/2-1/2"]
[ECO "B07"]
[WhiteElo "1769"]
[BlackElo "2175"]
[Annotator "TA"]
[PlyCount "67"]
[EventDate "2022.10.03"]
[EventType "team-tourn"]
[EventCountry "AUT"]
[SourceTitle "playchess.com"]
[Source "ChessBase"]
[SourceQuality "1"]
[TimeControl "40/5400+30:1800+30"]

1. e4 d6 2. d4 Nf6 3. Nc3 c6 4. f4 g6 5. Nf3 Bg7 6. Bd3 O-O 7. O-O Bg4 8. Be3 e5 {[%emt 0:01:57] B09: Pirc Defence: Austrian Attack.} 9. h3 ({Better is} 9. dxe5 $16 dxe5 10. fxe5) 9... Bxf3 $11 10. Qxf3 Nh5 (10... Nbd7 $11 {keeps the balance.}) 11. dxe5 $16 dxe5 {[%emt 0:02:14] [#]} 12. f5 {[%emt 0:11:57] [#]} Nf4 $146 (12... Nd7 $16) ({Predecessor:} 12... Nd7 13. g3 h6 14. b4 Kh7 15. Bc4 Qf6 16. Rad1 Nb6 17. Bxb6 axb6 18. Rd7 Qg5 {1-0 (28) Birkisson,B (2084)-Eliasson,K (1846) Reykjavik 2018}) 13. Bc4 $18 (13. Bxf4 exf4 14. Qxf4 Nd7 $14) 13... Qe7 14. Kh1 (14. g3 $18 Nh5 15. Rad1) 14... Nd7 $16 15. g3 ({Don't take} 15. Bxf4 exf4 16. Qxf4 Be5 $11) 15... Nh5 16. a4 Kh8 17. Rg1 {[%emt 0:07:09] White is much more active.} (17. Kg2 $16) 17... Qb4 $14 18. Bb3 (18. Bd3 $14) 18... Nc5 $1 $11 19. g4 Nxb3 20. cxb3 (20. gxh5 $5 Nxa1 21. f6 $11) 20... Nf4 21. g5 {[%emt 0:03:18] [#]} ({White should try} 21. Bxf4 $15 exf4 22. Qxf4) 21... f6 (21... Qxb3 $2 22. Bxf4 (22. f6 Bxf6 23. gxf6 Nh5 $18) 22... exf4 23. f6 $18) (21... Rfd8 $1 $17 22. Bxf4 exf4) 22. Bxf4 exf4 23. e5 fxe5 (23... fxg5 $1 $11 24. f6 Bh6) 24. f6 $16 Bxf6 25. gxf6 {[%emt 0:00:10] Strongly threatening Ne4.} Qxb3 26. Rae1 (26. Ra3 $5 Qxb2 27. Ne4 $14) 26... Rae8 27. Rg5 (27. Rgf1 $14 {might be stronger.}) 27... Rxf6 $11 28. Rgxe5 Rxe5 29. Rxe5 Qxb2 30. Re8+ Kg7 31. Re2 Qa3 32. Rf2 Qc1+ 33. Kg2 Qe3 34. Ne4 {[%emt 0:02:31] Black defended with fortune.  Weighted Error Value: White=0.23 (precise) /Black=0.21 (precise)} 1/2-1/2

[Event "26th Womens ECCC 2022"]
[Site "Mayrhofen"]
[Date "2022.10.04"]
[Round "2.1"]
[White "Muzychuk, Anna"]
[Black "Kashlinskaya, Alina"]
[Result "1/2-1/2"]
[ECO "C42"]
[WhiteElo "2534"]
[BlackElo "2482"]
[Annotator "TA"]
[PlyCount "81"]
[EventDate "2022.10.03"]
[EventType "team-tourn"]
[EventCountry "AUT"]
[SourceTitle "playchess.com"]
[Source "ChessBase"]
[SourceQuality "1"]
[TimeControl "40/5400+30:1800+30"]

1. e4 e5 2. Nf3 Nf6 3. Nxe5 d6 4. Nf3 Nxe4 5. Bd3 Nf6 6. h3 Be7 7. O-O O-O 8. c3 {[%emt 0:00:13] C42: Petroff Defence: 3 Nxe5 and unusual White 3rd moves.} b6 {[%emt 0:00:14] 8...d5 is the fancy move.} 9. Re1 Bb7 {[%emt 0:00:28] [#]} 10. Bf1 $146 {[%emt 0:01:09] The position is equal.} ({Predecessor:} 10. Bc2 Nbd7 11. d4 Re8 12. Nbd2 Bf8 13. Rxe8 Qxe8 14. Nf1 h6 15. Bf4 b5 16. Ng3 {0-1 (54) Sunilduth Lyna,N (2618)-Laurusas,T (2511) Chess.com INT 2020}) 10... Nbd7 11. d4 Re8 12. c4 c5 13. d5 b5 $1 14. cxb5 Nxd5 15. Nbd2 N5f6 16. Nc4 d5 17. Ne3 Bf8 18. a4 d4 19. Nc4 Bxf3 20. gxf3 Qc7 21. Bg5 h6 22. Bxf6 Nxf6 23. Qd2 Nd5 24. Rxe8 $1 Rxe8 25. Re1 Rxe1 26. Qxe1 Nb6 ({Black should try} 26... Qd8 $11) 27. a5 $1 $14 Nxc4 28. Bxc4 {[%emt 0:00:01][%cal Ob5b6][%mdl 4096] Endgame KQB-KQB} Qd8 {[%emt 0:04:13] [#] Against b6} (28... Qd7 $142) 29. b6 $1 $16 {[%emt 0:03:28] White is more active.} d3 30. Qd2 ({Of course not} 30. bxa7 $6 d2 31. Qxd2 Qxd2 $11) 30... axb6 31. a6 b5 32. Bxb5 {[%emt 0:01:47] Threatens to win with Bc4.} c4 33. Bxc4 Bc5 34. Bxd3 {[%emt 0:01:07][%cal Od3h7] [#] White threatens Bh7+! and mate.} Qg5+ 35. Qxg5 hxg5 {[%emt 0:00:04] KB-KB} 36. Kf1 Kf8 37. Ke2 Ke7 38. Be4 {[%emt 0:00:29] White is better.} Kd6 39. b4 Ba7 40. Bb7 Ke5 41. Bc6 {[%emt 0:03:22] Weighted Error Value: White=0.09 (flawless) /Black=0.13 (very precise)} 1/2-1/2

[Event "26th Womens ECCC 2022"]
[Site "Mayrhofen"]
[Date "2022.10.04"]
[Round "2.2"]
[White "Kiolbasa, Oliwia"]
[Black "Stefanova, Antoaneta"]
[Result "1/2-1/2"]
[ECO "C65"]
[WhiteElo "2404"]
[BlackElo "2440"]
[Annotator "TA"]
[PlyCount "63"]
[EventDate "2022.10.03"]
[EventType "team-tourn"]
[EventCountry "AUT"]
[SourceTitle "playchess.com"]
[Source "ChessBase"]
[SourceQuality "1"]
[TimeControl "40/5400+30:1800+30"]

1. e4 e5 2. Nf3 Nc6 3. Bb5 Nf6 4. d3 Bc5 5. O-O d6 6. c3 O-O 7. h3 {[%emt 0:02:27] 7.Re1 gains popularity.} Ne7 {[%emt 0:07:54] C65: Ruy Lopez: Berlin Defence (3...Nf6), unusual lines and 4 0-0 Bc5.} 8. Re1 c6 9. Ba4 Ng6 10. Bc2 Re8 11. d4 Bb6 {[%emt 0:00:22] [#]} 12. Na3 $146 (12. Nbd2 $11) ({Predecessor:} 12. Nbd2 Bc7 13. Nf1 d5 14. Bg5 dxe4 15. Rxe4 Bf5 16. Re3 Bxc2 17. Qxc2 h6 18. Bxf6 Qxf6 {½-½ (35) Grischuk,A (2777)-So,W (2770) chess24.com INT 2020}) 12... d5 13. Nxe5 $1 Nxe4 14. Nxg6 hxg6 15. Bf4 Bf5 16. f3 Nd6 17. Rxe8+ Nxe8 18. Bxf5 gxf5 19. Qd3 Qd7 20. Re1 Bc7 21. Bxc7 Nxc7 22. Nc2 Re8 23. Rxe8+ Nxe8 $11 {[%emt 0:00:06][%mdl 4096] Endgame KQN-KQN} 24. Qe2 Nd6 25. Nb4 f6 26. Nd3 Kf7 27. Kf2 Qc8 28. Kg1 b6 29. h4 g6 30. Nf4 Qd7 31. Kf2 Nc8 32. Kg1 {[%emt 0:01:40] An even fight not without its subleties.  Weighted Error Value: White=0.07 (flawless) /Black=0.07 (flawless)} 1/2-1/2

[Event "26th Womens ECCC 2022"]
[Site "Mayrhofen"]
[Date "2022.10.04"]
[Round "2.3"]
[White "Cramling, Pia"]
[Black "Antolak, Julia"]
[Result "1-0"]
[ECO "A34"]
[WhiteElo "2459"]
[BlackElo "2315"]
[Annotator "TA"]
[PlyCount "111"]
[EventDate "2022.10.03"]
[EventType "team-tourn"]
[EventCountry "AUT"]
[SourceTitle "playchess.com"]
[Source "ChessBase"]
[SourceQuality "1"]
[TimeControl "40/5400+30:1800+30"]

1. Nf3 Nf6 2. c4 c5 3. Nc3 d5 4. cxd5 Nxd5 5. Qa4+ Nc6 6. Ne5 {[%emt 0:01:11] A34: Symmetrical English: 2 Nc3, lines with ...d5.} Nxc3 (6... Qc7 $5 7. Nxc6 Nxc3 8. dxc3 Bd7 $11) 7. dxc3 Qa5 8. Qxa5 {[%emt 0:01:49] White is slightly better.} Nxa5 9. e4 a6 10. b4 {[%emt 0:02:01] White is more active.} cxb4 11. cxb4 Nc6 12. Nxc6 bxc6 13. Bd2 {[%emt 0:01:15] [#]} e6 $146 ({Predecessor:} 13... e5 14. Rc1 Kd7 15. Bc4 Rb8 16. Rb1 f6 17. Ke2 Bd6 18. Rb3 Bb7 19. Rd1 Ke7 {1-0 (74) Stojanovic,M (2453)-Nyysti,S (2242) Belgrade 2002}) 14. Rc1 {[%emt 0:02:10] Against c5} Bb7 15. Bd3 Be7 16. Ke2 O-O 17. Rc2 Rfd8 18. Rb1 Rd7 19. Rb3 Rad8 20. Be3 h6 21. Bb6 Ra8 22. Rc4 Bd8 23. Bxd8 Raxd8 24. Ke3 Kf8 25. Rc5 g5 26. Ra5 Kg7 27. h3 (27. Bxa6 Bxa6 28. Rxa6 Rd1 $14) 27... Ra8 28. g3 Kf8 29. Be2 Ke7 30. Rba3 Rb8 31. Rc3 (31. Bxa6 $6 Bxa6 32. Rxa6 Rxb4 $11) 31... Ra8 32. h4 f6 33. Rca3 Rb8 34. hxg5 hxg5 35. Rc3 (35. Bxa6 Bxa6 36. Rxa6 Rxb4 $16) 35... Ra8 36. Rc1 Kf7 (36... Rdd8 $16 37. Rh1 Rh8 38. Rxh8 Rxh8) 37. Rh1 $18 Kg7 {[%emt 0:00:09] [#]} 38. f4 $1 {[%emt 0:00:26] Against e5} Rad8 (38... gxf4+ {is a better defense.} 39. gxf4 c5 40. Rxc5 (40. bxc5 f5 $18) 40... f5 41. Rg1+ Kf6) 39. fxg5 f5 40. Rh6 ({Less strong is} 40. exf5 exf5 41. Re5 (41. Rxf5 Re7+ 42. Kf2 Rd2 $11) (41. Bxa6 Bxa6 42. Rxa6 Rd3+ 43. Kf4 R3d4+ 44. Kf3 Rd3+ 45. Kf4 R3d4+ 46. Kf3 Rd3+ 47. Kf4 $11) 41... c5 $16) (40. Bxa6 Bxa6 41. Rxa6 Kg6 $18) 40... c5 41. Rxc5 Bxe4 42. Rxe6 Bd5 43. Rxa6 Re7+ 44. Kf2 Bf7 45. Rc2 {[%emt 0:00:00] Inhibits Rd2. White is clearly winning.} Rd4 46. b5 f4 47. b6 fxg3+ 48. Kxg3 Rd5 49. Ra4 {[%emt 0:00:00] Threatens to win with Ra7.} Rb7 50. Rc7 Rxg5+ 51. Kf4 Rxc7 52. bxc7 Rc5 53. Ra7 {[%emt 0:00:04] Threatening mate with Ba6.} Kf6 {[%emt 0:00:57] [#]} 54. Bg4 $1 Be6 {[%emt 0:01:25] Prevents c8Q.} 55. Ra6 Rc4+ 56. Ke3 {[%emt 0:00:14] Weighted Error Value: White=0.07 (flawless) /Black=0.25 (precise)} 1-0

[Event "26th Womens ECCC 2022"]
[Site "Mayrhofen"]
[Date "2022.10.04"]
[Round "2.4"]
[White "Cyfka, Karina"]
[Black "Paehtz, Elisabeth"]
[Result "0-1"]
[ECO "D11"]
[WhiteElo "2347"]
[BlackElo "2469"]
[Annotator "TA"]
[PlyCount "154"]
[EventDate "2022.10.03"]
[EventType "team-tourn"]
[EventCountry "AUT"]
[SourceTitle "playchess.com"]
[Source "ChessBase"]
[SourceQuality "1"]
[TimeControl "40/5400+30:1800+30"]

1. d4 d5 2. c4 c6 3. Nf3 Nf6 4. e3 a6 5. Nc3 b5 6. b3 Bg4 7. Be2 e6 8. O-O Nbd7 9. Bb2 Bd6 10. Qc2 {[%emt 0:03:31] D15: Slav Defence: 4 Nc3 a6 and gambit lines after 4 Nc3 dxc4.} Qb8 11. h3 Bf5 12. Qc1 {[%emt 0:04:53] The position is equal.} h6 {[%emt 0:03:09] [#]} 13. a4 $146 ({Predecessor:} 13. Re1 O-O 14. Bf1 Ra7 15. a3 Re8 16. Qd2 Rb7 17. c5 Bc7 18. b4 e5 19. dxe5 Nxe5 {0-1 (58) Muller,T (2065)-Aparicio,A (2274) Villa Ballester 2010}) 13... b4 14. Na2 O-O 15. Qe1 a5 16. Nc1 Ne4 17. cxd5 exd5 (17... cxd5 $15 18. Bb5 Qb7) 18. Nd3 $11 f6 19. Rc1 Qb7 20. Qd1 Rac8 21. Nh4 Bh7 22. Bh5 g5 23. Nf3 Bb8 24. Bg4 Rcd8 25. Bh5 Qc7 26. Re1 Qd6 27. Re2 Bf5 28. Re1 Rc8 29. Qe2 Kh7 30. Red1 Bg6 31. Bxg6+ Kxg6 32. g3 (32. Rc2 $142) 32... Rfe8 33. Re1 Kg7 34. Rc2 Qe6 35. Qf1 Qf5 36. Kg2 Bd6 37. Qe2 Nb8 38. Nh2 Qg6 (38... h5 $5) 39. Nf1 Bf8 ({Black should play} 39... f5 $14) 40. Rec1 h5 41. f3 Nd6 42. g4 Rc7 43. Rc5 Ra7 44. Nf2 (44. Ng3 $16) 44... h4 45. Qd3 Qf7 (45... Qxd3 $11 46. Nxd3 Nf7) 46. e4 $1 $16 Nb7 47. R5c2 Nd8 48. Qe3 (48. Kg1 $16) 48... Kg8 $11 49. Nd2 (49. Kh1 $11 {keeps the balance.}) 49... Ne6 $17 50. Nd3 Bd6 51. e5 fxe5 52. dxe5 {[%emt 0:00:00] [#]} Bf8 (52... Rae7 $1 $17 53. Re1 (53. exd6 $2 Nf4+ 54. Qxf4 Re2+ 55. Kg1 gxf4 $19) (53. Nf1 Bc7) 53... Bc7) 53. Rf1 (53. f4 $15 gxf4 54. Qe2 (54. Qf2 Qh7 $15)) 53... Qh7 54. Kh2 (54. f4 $17 Nxf4+ 55. Rxf4 gxf4 56. Qe2) 54... Rf7 ({Better is} 54... Nf4 $1 $19 55. Ne4 dxe4 56. Nxf4 gxf4 57. Qxf4 Bg7) 55. Rcc1 c5 56. Rce1 ({White should try} 56. Qe2) 56... Nd7 57. Rf2 Bh6 58. Rff1 (58. Rd1 {is a better defense.}) 58... Qg6 $19 59. Rc1 Bf8 60. Rf2 $2 {[%emt 0:00:27] This costs White the game.} (60. Qe2 $17) 60... Nf4 61. Nxf4 Rxf4 62. Qe1 Re6 63. Re2 Bg7 64. Kg2 Kh7 (64... Rf8 $19 {And now ...Rfe8 would win.} 65. Re3 Qf7) 65. Ba1 (65. Qf2 $17) 65... d4 66. Nc4 $2 (66. Qf1) 66... Qd3 $1 67. Qf1 Qxb3 68. Re4 Rxe4 69. fxe4 Qg3+ 70. Kh1 Nxe5 71. Qf5+ Rg6 72. Nxe5 Bxe5 (72... Qxh3+ $142 73. Kg1 Qe3+ 74. Kf1 Qxc1+ 75. Kf2 Bxe5 76. Qxe5 h3 77. Qe7+ Rg7 78. Qf6 Qd2+ 79. Kf1 Qg2+ 80. Ke1 Qxe4+ 81. Kd2 h2 82. Qf5+ Qxf5 83. gxf5 h1=Q 84. f6 Qg2+ 85. Kd3 Qf1+ 86. Kc2 d3+ 87. Kb3 d2 88. Be5 d1=Q+ 89. Kb2 Qg2#) 73. Qf7+ Kh6 74. Qf8+ Bg7 (74... Rg7 $142 75. Rc2 Qe1+ 76. Kg2 Qxe4+ 77. Qf3 Qxc2+ 78. Qf2 Qb3 79. Qf3 Qa2+ 80. Qf2 Qxa1 81. Qf8 Qb2+ 82. Kf3 d3 83. Qh8+ Kg6 84. Qh5+ Kf6 85. Qh6+ Ke7 86. Qxg7+ Bxg7 87. Ke4 Qd4+ 88. Kf3 d2 89. Kg2 d1=Q 90. Kh2 Q4g1#) 75. Qxc5 Qxh3+ {[%emt 0:00:12] Black mates.} 76. Kg1 Qxg4+ 77. Kh2 Qxe4 {[%emt 0:00:56] Weighted Error Value: White=0.26 (precise) /Black=0.17 (very precise)} 0-1

[Event "26th Womens ECCC 2022"]
[Site "Mayrhofen"]
[Date "2022.10.04"]
[Round "2.5"]
[White "Salimova, Nurgyul"]
[Black "Bulmaga, Irina"]
[Result "0-1"]
[ECO "A46"]
[WhiteElo "2415"]
[BlackElo "2417"]
[Annotator "TA"]
[PlyCount "92"]
[EventDate "2022.10.03"]
[EventType "team-tourn"]
[EventCountry "AUT"]
[SourceTitle "playchess.com"]
[Source "ChessBase"]
[SourceQuality "1"]
[TimeControl "40/5400+30:1800+30"]

1. d4 Nf6 2. Nf3 e6 3. Bg5 c5 4. e3 Nc6 5. Nbd2 h6 6. Bxf6 {[%emt 0:07:04] A46: 1 d4 Nf6 2 Nf3 e6: Torre, London and Colle Systems.} gxf6 7. c3 d5 8. Bb5 {[%emt 0:07:01] [#] The position is equal.} a6 $146 ({Predecessor:} 8... Bd7 9. Qe2 a6 10. Bd3 c4 11. Bc2 f5 12. g3 Bd6 13. Nh4 Qc7 14. Qh5 Ke7 {1-0 (48) Winterton,K-Marshall,P North Bay 1996}) 9. Bxc6+ bxc6 10. O-O Rg8 11. Re1 f5 12. Qc2 (12. c4 {looks sharper.} Rb8 13. Qc2 cxd4 14. exd4 Bd6 15. Qxf5 Rxb2 16. g3) 12... c4 13. b3 cxb3 14. Nxb3 f6 15. c4 Ra7 16. Rab1 Rag7 (16... dxc4 $14 17. Qxc4 Qd5 18. Qxd5 cxd5) 17. g3 $16 Bd6 18. cxd5 cxd5 19. Rec1 Rc7 20. Qe2 Ba3 21. Rxc7 Qxc7 22. Nh4 Rg5 23. Nc5 Bxc5 24. Rc1 {[%emt 0:01:07][%mdl 64] [#] Pin} Bd7 25. Rxc5 Qb7 26. Rc1 {[%emt 0:01:23] Inhibits Qb1.} Bb5 27. Qb2 ({White should try} 27. Qd1 $18) 27... Rg7 28. Rb1 Qc8 29. Qd2 $1 Rc7 {[%emt 0:00:44] [#]} (29... Rb7 $14) 30. Qd1 ({White has to play} 30. e4 $1 $16 fxe4 31. Qxh6) 30... Rc2 $11 31. Qh5+ Ke7 32. Qd1 {[%emt 0:00:35] Inhibits Rc1.} ({Wrong is} 32. Qxh6 $2 Rc1+ 33. Kg2 Bf1+ 34. Kf3 Be2+ 35. Kg2 Bf1+ 36. Kf3 Be2+ 37. Kg2 Rxb1 $19) (32. h3 $1 $11) 32... Qc3 $1 $15 {[%emt 0:00:42] ...Be2 is the strong threat. Black has more active pieces.} 33. Ng6+ Kd6 34. Nf4 {[%emt 0:00:37][%cal Oa2a3] Prevents Be2.} Rxa2 35. g4 Qc2 $36 {[%emt 0:00:27][%mdl 2048] White is under pressure. Dancing on a razor blade.} 36. Qxc2 Rxc2 37. gxf5 exf5 {[%emt 0:00:35][%mdl 4096] Endgame KRB-KRN} 38. Kg2 Kc6 39. Kf3 a5 40. Ne6 (40. Ra1 $142 a4 41. Ne6) 40... a4 ({Black should play} 40... Bc4 {White must now prevent ...a4.} 41. Nd8+ Kd7) 41. Nd8+ $2 (41. Ra1 $17 {is the only way for White.}) 41... Kb6 $19 {[%emt 0:00:45] Threatens to win with ...a3.} 42. Nb7 $2 (42. Ra1 {only move.}) 42... a3 {[%emt 0:02:35][%cal Ba4a3,Ba3a2][%mdl 32] Hoping for ...a2.} ({Don't blunder} 42... Kxb7 $2 43. Rxb5+ Ka6 44. Rxd5 $19) 43. Nd6 Rb2 44. Ra1 a2 45. Nxf5 Bc4 46. Nd6 Bb3 {[%emt 0:00:16] What a bad dream for White.  Weighted Error Value: White=0.27 (precise) /Black=0.13 (very precise)} 0-1